AoeStats
← EL GATO TECHERO

Black Forest

509552213Analyzed
4v4 RM · 6d ago on Sep 27, 2026· 38m 55s· 8 players
Game mode
Random Map
Map size
Large (8 player)
Population
200
Speed
Normal
Resources
Standard
Victory
Conquest
Starting age
Dark Age
Ending age
Imperial Age
RankedLock teamsTeams togetherTeam positionsShared explorationLock speedFull tech treeHidden civsTurbo modeCheats
Victory
Defeat
🇦🇺 Romans · Australia
820
+15
🇲🇾 Bohemians · Malaysia
755
+18
🇨🇳 Teutons · China
750
+18
🇦🇺 Franks · Australia
648
+21
🇵🇪 Magyars · Peru
820
-19
🇲🇽 Khmer · Mexico
809
-19
🇺🇸 Bohemians · United States
763
-17
🇦🇺 Romans · Australia
757
-17
Boundless316
0:32 Loom
15:18 Feudal Age
16:40 Wheelbarrow
15:47 Horse Collar
15:57 Double-Bit Axe
21:02 Castle Age
21:59 Hand Cart
21:54 Heavy Plow
35:12 Imperial Age
34:43 Caravan
34:34 Town Watch
35:20 Fletching
36:07 Bow Saw
36:36 Bodkin Arrow
36:42 Padded Archer Armor
36:43 Scale Mail Armor
36:53 Forging
37:47 Chemistry
37:08 Ballistics
37:30 Conscription
36:37 Pikeman
37:56 Squires
38:32 Fortified Wall
39:03 Chain Mail Armor
Silver
0:29 Loom
9:26 Feudal Age
11:22 Wheelbarrow
10:33 Horse Collar
12:18 Double-Bit Axe
15:43 Gold Mining
15:45 Stone Mining
19:30 Castle Age
20:28 Bow Saw
20:43 Heavy Plow
25:46 Stone Shaft Mining
25:51 Gold Shaft Mining
26:17 Pikeman
26:43 Arson
31:06 Hand Cart
34:28 Imperial Age
35:12 Ballistics
34:48 Murder Holes
35:05 Masonry
36:17 Chemistry
35:17 Murder Holes
35:31 Siege Engineers
36:09 Conscription
36:19 Forging
36:15 Scale Barding Armor
37:05 Crop Rotation
37:36 Iron Casting
37:02 Scale Mail Armor
37:18 Elite Ballista Elephant
37:59 Double Crossbow
EL GATO TECHERO
10:29 Loom
12:18 Feudal Age
13:17 Double-Bit Axe
15:01 Horse Collar
19:44 Castle Age
22:05 Wheelbarrow
21:42 Bow Saw
25:02 Gold Mining
25:03 Stone Mining
27:03 Scale Barding Armor
28:35 Heavy Plow
31:58 Imperial Age
31:41 Hand Cart
35:53 Bloodlines
35:44 Husbandry
35:05 Cavalier
35:08 Onager
37:26 Chain Barding Armor
37:28 Paladin
39:11 Plate Barding Armor
rich_jess
0:37 Loom
15:42 Feudal Age
16:28 Double-Bit Axe
16:52 Horse Collar
17:48 Stone Mining
22:05 Padded Archer Armor
22:49 Man-at-Arms
23:23 Fletching
23:45 Forging
26:07 Gold Mining
29:12 Castle Age
28:14 Scale Barding Armor
28:10 Scale Mail Armor
30:40 Iron Casting
31:18 Gold Shaft Mining
30:12 Long Swordsman
31:21 Caravan
33:17 Bow Saw
33:32 Heavy Plow
33:55 Ballistics
33:28 Guard Tower
34:01 Murder Holes
39:05 Wheelbarrow
38:16 Town Watch
38:07 Pikeman
38:49 Squires
SLIIMSYice
0:34 Loom
16:37 Feudal Age
21:06 Castle Age
19:13 Double-Bit Axe
25:05 Wheelbarrow
25:22 Wheelbarrow
28:30 Bow Saw
31:21 Hand Cart
31:12 Caravan
31:46 Coinage
32:08 Fortified Wall
33:33 Masonry
33:56 Gold Mining
34:02 Stone Mining
37:52 Imperial Age
36:48 Husbandry
38:09 Cavalier
HuFi
11:14 Feudal Age
12:06 Double-Bit Axe
12:14 Stone Mining
13:01 Horse Collar
14:10 Gold Mining
16:21 Man-at-Arms
21:37 Castle Age
23:37 Scale Mail Armor
23:47 Forging
23:01 Long Swordsman
23:42 Squires
24:05 Bow Saw
24:00 Heavy Plow
29:30 Wheelbarrow
30:13 Gold Shaft Mining
30:51 Caravan
32:16 Hand Cart
35:18 Imperial Age
36:25 Comitatenses
36:27 Conscription
35:30 Legionary
36:17 Capped Ram
爆脆星星堡
0:31 Loom
16:46 Feudal Age
25:24 Wheelbarrow
27:57 Man-at-Arms
31:22 Castle Age
30:19 Forging
30:09 Scale Mail Armor
30:28 Scale Mail Armor
32:08 Horse Collar
33:42 Hand Cart
35:31 Squires
34:54 Pikeman
35:20 Gambesons
34:56 Long Swordsman
36:24 Heavy Plow
38:05 Bloodlines
ijn_king
11:34 Feudal Age
12:06 Double-Bit Axe
12:23 Horse Collar
20:11 Castle Age
21:09 Bow Saw
21:48 Heavy Plow
25:08 Wheelbarrow
25:21 Fervor
32:33 Imperial Age
30:45 Ballistics
32:43 Chemistry
32:37 Hand Cart
34:31 Pikeman
35:12 Squires
36:06 Forging
35:57 Scale Mail Armor
35:57 Padded Archer Armor
35:48 Fletching
38:17 Iron Casting
37:57 Chain Mail Armor
38:40 Bombard Tower
38:06 Halberdier
Connection lost

Rejoining the realm…

Still unreachable

The connection could not be restored.

Session expired

The server has moved on; the page needs a fresh start.